[Event "Turkish Women-ch Arzum 2022"]
[Site "Ayvalik"]
[Date "2022.03.11"]
[Round "9.16"]
[White "Yalcin, Fahriye Zeynep"]
[Black "Bese, Irem"]
[Result "0-1"]
[ECO "C04"]
[WhiteElo "1260"]
[BlackElo "1714"]
[Annotator "NA"]
[PlyCount "72"]
[EventDate "2022.03.04"]
[EventType "swiss"]
[EventCountry "TUR"]
[SourceTitle "playchess.com"]
[Source "ChessBase"]
[SourceQuality "1"]
[TimeControl "5400+30"]

1. e4 e6 2. d4 d5 3. Nd2 Nc6 4. c3 e5 5. exd5 Qxd5 6. Qf3 Qxf3 7. Ngxf3 exd4 8. cxd4 Nb4 9. Bb5+ c6 10. Ba4 Nd3+ 11. Ke2 Nf4+ 12. Kf1 Bf5 13. Ne1 O-O-O 14. Ndf3 Nd5 15. Ne5 Be6 16. Be3 f6 17. N5d3 Bd6 18. Rc1 Nge7 19. Ke2 Rhe8 20. a3 Bg4+ 21. Kd2 Nf5 22. Nc2 Nb6 23. Bb3 Bc7 24. h3 Nxe3 25. fxe3 Bf5 26. Nc5 Nd5 27. Bxd5 Rxd5 28. Nb4 Ba5 29. Rc4 Bxb4+ 30. Rxb4 Red8 31. Nxb7 R8d7 32. e4 Bxe4 33. Re1 f5 34. Ke3 Rxb7 35. Rxb7 Kxb7 36. g3 a5 0-1

[Event "Turkish Women-ch Arzum 2022"]
[Site "Ayvalik"]
[Date "2022.03.11"]
[Round "9.18"]
[White "Akin, Duru"]
[Black "Alev, Gonulden Seda"]
[Result "1-0"]
[ECO "B28"]
[WhiteElo "1563"]
[BlackElo "1561"]
[Annotator "NA RC"]
[PlyCount "35"]
[EventDate "2022.03.04"]
[EventType "swiss"]
[EventCountry "TUR"]
[SourceTitle "playchess.com"]
[Source "ChessBase"]
[SourceQuality "1"]
[TimeControl "5400+30"]

1. e4 c5 2. Nf3 a6 3. d4 cxd4 4. Nxd4 g6 5. Nc3 Bg7 6. Be3 b5 7. a4 b4 8. Nd5 Bb7 9. a5 Nc6 10. Nb3 Rb8 11. Bb6 Qc8 12. Nc7+ Kf8 13. Nc5 d6 14. Nxb7 Bxb2 15. Bxa6 Rxb7 16. Bxb7 Qxb7 17. Nd5 e6 18. a6 1-0

[Event "Turkish Women-ch Arzum 2022"]
[Site "Ayvalik"]
[Date "2022.03.11"]
[Round "9.19"]
[White "Senkal, Defne"]
[Black "Gur, Tuba"]
[Result "1-0"]
[ECO "B32"]
[WhiteElo "1247"]
[BlackElo "1750"]
[Annotator "NA RC"]
[PlyCount "37"]
[EventDate "2022.03.04"]
[EventType "swiss"]
[EventCountry "TUR"]
[SourceTitle "playchess.com"]
[Source "ChessBase"]
[SourceQuality "1"]
[TimeControl "5400+30"]

1. e4 c5 2. Nf3 Nc6 3. d4 cxd4 4. Nxd4 e5 5. Nb5 d6 6. N1c3 a6 7. Na3 b5 8. Nd5 Nf6 9. Nxf6+ Qxf6 10. c3 Be6 11. Be2 Be7 12. O-O Qg6 13. Bf3 O-O 14. Nc2 Rad8 15. Ne3 f6 16. Nf5 Qf7 17. Bh5 d5 18. Bxf7+ Bxf7 19. Qg4 1-0

[Event "Turkish Women-ch Arzum 2022"]
[Site "Ayvalik"]
[Date "2022.03.11"]
[Round "9.20"]
[White "Salt, Ilayda"]
[Black "Olmez, Sude"]
[Result "1/2-1/2"]
[ECO "E32"]
[WhiteElo "1594"]
[BlackElo "1170"]
[Annotator "NA"]
[PlyCount "171"]
[EventDate "2022.03.04"]
[EventType "swiss"]
[EventCountry "TUR"]
[SourceTitle "playchess.com"]
[Source "ChessBase"]
[SourceQuality "1"]
[TimeControl "5400+30"]

1. d4 Nf6 2. c4 e6 3. Nc3 Bb4 4. Qc2 O-O 5. a3 Bxc3+ 6. Qxc3 b6 7. f3 d5 8. Bg5 Nbd7 9. Rc1 c6 10. e3 Bb7 11. Bd3 h6 12. Bh4 c5 13. Ne2 Rc8 14. Qd2 Re8 15. O-O e5 16. cxd5 exd4 17. exd4 Bxd5 18. Bf5 Be6 19. Bb1 cxd4 20. Nxd4 Nc5 21. Qf2 Bd7 22. Rfd1 Ne6 23. Nf5 Rxc1 24. Rxc1 Nf4 25. Re1 Bxf5 26. Rxe8+ Qxe8 27. Bxf5 Qe5 28. Bb1 g5 29. Bg3 Ne2+ 30. Kf1 Qxb2 31. Qxe2 Qxb1+ 32. Kf2 Qf5 33. Bd6 Qe6 34. Qd2 Nd5 35. Bb8 a6 36. Qd4 b5 37. Ba7 Nf4 38. Qe3 Qa2+ 39. Kf1 Qxg2+ 40. Ke1 Qh1+ 41. Kd2 Qxh2+ 42. Kc1 Qe2 43. Qc3 Qc4 44. Qxc4 bxc4 45. Kc2 h5 46. Kc3 Kf8 47. Bc5+ Ke8 48. Kxc4 Kd7 49. Bf2 Kc6 50. Kd4 Nh3 51. Bg3 h4 52. Bh2 Nf4 53. Ke5 Kb5 54. Kf5 Ne6 55. Bd6 Ka4 56. Kg4 Kb3 57. Be7 Ka4 58. Bd6 Kb3 59. Be7 Kc4 60. Bd6 Kd5 61. Bb8 Nd4 62. Kxg5 Nxf3+ 63. Kg4 Ke4 64. Kh3 f5 65. Kg2 Ng5 66. Bc7 f4 67. Bd8 h3+ 68. Kh2 Kf5 69. a4 Kg4 70. Bxg5 Kxg5 71. Kxh3 Kf5 72. Kg2 Ke4 73. Kf2 f3 74. a5 Kf4 75. Kf1 Ke3 76. Ke1 Kd4 77. Kf2 Kc4 78. Kxf3 Kb5 79. Ke3 Kxa5 80. Kd3 Kb4 81. Kc2 Ka3 82. Kb1 a5 83. Ka1 Kb3 84. Kb1 a4 85. Ka1 a3 86. Kb1 1/2-1/2

[Event "Turkish Women-ch Arzum 2022"]
[Site "Ayvalik"]
[Date "2022.03.11"]
[Round "9.21"]
[White "Zengin, Ovgu"]
[Black "Yazici, Zumral"]
[Result "1/2-1/2"]
[ECO "C54"]
[WhiteElo "1475"]
[BlackElo "1229"]
[Annotator "NA"]
[PlyCount "153"]
[EventDate "2022.03.04"]
[EventType "swiss"]
[EventCountry "TUR"]
[SourceTitle "playchess.com"]
[Source "ChessBase"]
[SourceQuality "1"]
[TimeControl "5400+30"]

1. e4 e5 2. Nf3 Nc6 3. Bc4 Bc5 4. c3 Nf6 5. d3 d6 6. O-O a6 7. a4 h6 8. Re1 O-O 9. Nbd2 Ba7 10. b4 Be6 11. Bxe6 fxe6 12. Nf1 b5 13. Be3 Bxe3 14. Nxe3 Qd7 15. axb5 axb5 16. Qb3 d5 17. Nc2 Rxa1 18. Nxa1 Re8 19. Qc2 Qd6 20. Nb3 Nb8 21. d4 Nbd7 22. exd5 exd5 23. dxe5 Nxe5 24. Nfd4 c6 25. f4 Nc4 26. Rxe8+ Nxe8 27. Qf5 Nc7 28. Nc5 Ne3 29. Qe5 Qxe5 30. fxe5 Nd1 31. Ne2 Kf7 32. Kf1 Ne3+ 33. Kg1 Nc4 34. Nd3 Ke6 35. Nd4+ Kf7 36. Nxc6 Ne3 37. Nd4 Nd1 38. Ne2 Ne6 39. Ndc1 Ng5 40. Nb3 Ne4 41. Ned4 Nexc3 42. Nc5 Ne3 43. e6+ Kf6 44. Nd7+ Ke7 45. Nc5 Ng4 46. Nf5+ Kd8 47. Nxg7 Nf6 48. Nf5 h5 49. e7+ Ke8 50. Ne6 Na2 51. Nc7+ Kd7 52. Nxb5 Nxb4 53. Nbd4 Nc6 54. Nxc6 Kxc6 55. Ng7 Kd7 56. e8=Q+ Nxe8 57. Nxh5 Kc6 58. Kf2 Nd6 59. Ke3 Kc5 60. Kd3 Nc4 61. Nf4 Ne5+ 62. Kd2 Nc4+ 63. Ke2 d4 64. g3 Kd6 65. Kd3 Ne5+ 66. Ke4 Ng4 67. h3 Nh6 68. g4 Ke7 69. Kxd4 Kf6 70. Ke4 Kg5 71. Kf3 Kh4 72. Ng6+ Kxh3 73. g5 Nf7 74. Nf4+ Kh4 75. g6 Ne5+ 76. Ke4 Nxg6 77. Nxg6+ 1/2-1/2

[Event "Turkish Women-ch Arzum 2022"]
[Site "Ayvalik"]
[Date "2022.03.11"]
[Round "9.22"]
[White "Engin, Cagla"]
[Black "Bassari, Senem Gul"]
[Result "1-0"]
[ECO "B13"]
[WhiteElo "1436"]
[BlackElo "1197"]
[Annotator "NA"]
[PlyCount "119"]
[EventDate "2022.03.04"]
[EventType "swiss"]
[EventCountry "TUR"]
[SourceTitle "playchess.com"]
[Source "ChessBase"]
[SourceQuality "1"]
[TimeControl "5400+30"]

1. e4 c6 2. d4 d5 3. exd5 cxd5 4. Bd3 Nc6 5. c3 Nf6 6. h3 e5 7. dxe5 Nxe5 8. Nf3 Nxd3+ 9. Qxd3 Bd6 10. O-O O-O 11. Be3 b6 12. Nbd2 Bb7 13. Nd4 Qd7 14. Nf5 Bc8 15. Nxd6 Qxd6 16. Bd4 Nh5 17. Rae1 Qg6 18. Qxg6 fxg6 19. Re7 Ba6 20. Rfe1 Nf6 21. Nf3 Bb5 22. Ne5 Rfe8 23. Ng4 Nh5 24. R1e5 Rxe7 25. Rxe7 Bc6 26. Rc7 Bb5 27. Ne3 Nf6 28. Bxf6 gxf6 29. Nxd5 f5 30. Nf6+ Kf8 31. Rxh7 Bc6 32. h4 Rd8 33. Rh8+ Ke7 34. Rxd8 Kxd8 35. g3 Ke7 36. Nh7 Kd6 37. Kf1 a5 38. Ke2 Bd5 39. b3 a4 40. bxa4 Bxa2 41. Kd3 Bb3 42. Nf8 Bf7 43. Kd4 Ke7 44. Nh7 Bb3 45. Ke5 Bxa4 46. Nf6 Kf7 47. Nd5 b5 48. Kd6 Bd1 49. Nc7 Be2 50. Kc5 Kf6 51. Nxb5 Ke5 52. Nd4 Ba6 53. Nf3+ Ke4 54. Ng5+ Kd3 55. Kd5 Ke2 56. Ke5 Kxf2 57. Kf4 Bb5 58. Nf7 Bc6 59. Ne5 Be8 60. c4 1-0

[Event "Turkish Women-ch Arzum 2022"]
[Site "Ayvalik"]
[Date "2022.03.11"]
[Round "9.23"]
[White "Bursali, Ela"]
[Black "Sahin, Cagla Yudum"]
[Result "1-0"]
[ECO "C54"]
[WhiteElo "1353"]
[BlackElo "1162"]
[Annotator "NA"]
[PlyCount "129"]
[EventDate "2022.03.04"]
[EventType "swiss"]
[EventCountry "TUR"]
[SourceTitle "playchess.com"]
[Source "ChessBase"]
[SourceQuality "1"]
[TimeControl "5400+30"]

1. e4 e5 2. Nf3 Nc6 3. Bc4 Bc5 4. c3 Nf6 5. d3 d6 6. Bb3 Bb6 7. h3 h6 8. Nbd2 O-O 9. Nf1 Be6 10. Bc2 d5 11. Qe2 dxe4 12. dxe4 Qe7 13. Ng3 Rad8 14. O-O Nd7 15. b3 a6 16. Bb2 Qf6 17. Kh2 Ne7 18. Nh5 Qg6 19. Nh4 Qg5 20. Nf5 Nxf5 21. exf5 Bxf5 22. Bxf5 Qxf5 23. g4 Qe6 24. c4 Bd4 25. Rae1 Bxb2 26. Qxb2 Nf6 27. Rxe5 Qd6 28. c5 Qd2 29. Nxf6+ gxf6 30. Re2 Qxb2 31. Rxb2 Rfe8 32. Rc2 Rd5 33. Rfc1 Ree5 34. Kg3 Rd3+ 35. Kg2 Kf8 36. Rc3 Rd2 37. R3c2 Ree2 38. Rxd2 Rxd2 39. a4 a5 40. Rc3 Rd5 41. Kf3 Ke7 42. Ke4 Re5+ 43. Kd4 Kd7 44. Rf3 Re6 45. Rf5 Kc6 46. f3 Kd7 47. Rh5 Re1 48. Rxh6 Ke7 49. Rh5 Rb1 50. Kc4 Rf1 51. Rf5 Rh1 52. Kb5 Rxh3 53. Kxa5 Rh8 54. Kb5 Rd8 55. c6 Rb8 56. cxb7 Rxb7+ 57. Kc4 Ke6 58. a5 Ra7 59. b4 Ke7 60. Kc5 Ra6 61. Kb5 Ra8 62. a6 Ke6 63. Rc5 Kd6 64. Rc6+ Kd7 65. Rxf6 1-0

[Event "Turkish Women-ch Arzum 2022"]
[Site "Ayvalik"]
[Date "2022.03.11"]
[Round "9.25"]
[White "Yilmaz, Gokcen"]
[Black "Oztatar, Meleknaz"]
[Result "1-0"]
[ECO "B01"]
[WhiteElo "1647"]
[BlackElo "1063"]
[Annotator "NA"]
[PlyCount "65"]
[EventDate "2022.03.04"]
[EventType "swiss"]
[EventCountry "TUR"]
[SourceTitle "playchess.com"]
[Source "ChessBase"]
[SourceQuality "1"]
[TimeControl "5400+30"]

1. e4 d5 2. exd5 Qxd5 3. Nc3 Qa5 4. Bc4 Nf6 5. d3 Bf5 6. Bd2 c6 7. Qe2 e6 8. h3 Be7 9. g4 Bg6 10. f4 Qc7 11. O-O-O b5 12. Bb3 O-O 13. Nf3 Rd8 14. Ne5 a5 15. a4 b4 16. Nb1 Na6 17. Bc4 Nd7 18. Nxg6 hxg6 19. g5 Nb6 20. Bxa6 Rxa6 21. b3 Nd5 22. Rdf1 Bd6 23. Qe4 Qb6 24. h4 Bc5 25. h5 Ne7 26. hxg6 Nxg6 27. f5 Nf8 28. Qh4 f6 29. g6 Nxg6 30. fxg6 Kf8 31. Rxf6+ Ke8 32. Rf7 Bf8 33. Rhf1 1-0

[Event "Turkish Women-ch Arzum 2022"]
[Site "Ayvalik"]
[Date "2022.03.11"]
[Round "9.27"]
[White "Engel, Ecrin Tuana"]
[Black "Ozer, Melike Busra"]
[Result "1-0"]
[ECO "D02"]
[WhiteElo "1250"]
[BlackElo "1300"]
[Annotator "NA"]
[PlyCount "91"]
[EventDate "2022.03.04"]
[EventType "swiss"]
[EventCountry "TUR"]
[SourceTitle "playchess.com"]
[Source "ChessBase"]
[SourceQuality "1"]
[TimeControl "5400+30"]

1. d4 Nf6 2. Bf4 d5 3. Nf3 Bf5 4. e3 e6 5. Bd3 Bg6 6. O-O Bd6 7. Bg3 O-O 8. c3 Nc6 9. Qc2 Ne4 10. Bh4 Qd7 11. Ng5 Nxg5 12. Bxg5 e5 13. Bxg6 fxg6 14. Bh4 Ne7 15. Nd2 Nf5 16. Bg3 Nxg3 17. hxg3 e4 18. Qb3 c6 19. Nxe4 Kh8 20. Nxd6 Qxd6 21. c4 Rf7 22. cxd5 cxd5 23. e4 Raf8 24. e5 Qe6 25. f3 Rf5 26. Rac1 h5 27. Qxb7 h4 28. Rc6 Qe8 29. Rfc1 hxg3 30. Rc8 Qa4 31. Rxf8+ Rxf8 32. Qxd5 Kh7 33. Qc4 Qa5 34. b4 Qa3 35. Rc2 Qe3+ 36. Kf1 Rxf3+ 37. gxf3 Qxf3+ 38. Kg1 g2 39. Rxg2 Qe3+ 40. Kh1 Qe1+ 41. Kh2 Qh4+ 42. Kg1 Qe1+ 43. Qf1 Qe3+ 44. Qf2 Qc1+ 45. Kh2 Qh6+ 46. Kg3 1-0

[Event "Turkish Women-ch Arzum 2022"]
[Site "Ayvalik"]
[Date "2022.03.11"]
[Round "9.28"]
[White "Dal, Nurseda"]
[Black "Gonultas, Bakriya Anastasiya"]
[Result "0-1"]
[ECO "C65"]
[WhiteElo "1116"]
[BlackElo "1232"]
[Annotator "NA"]
[PlyCount "62"]
[EventDate "2022.03.04"]
[EventType "swiss"]
[EventCountry "TUR"]
[SourceTitle "playchess.com"]
[Source "ChessBase"]
[SourceQuality "1"]
[TimeControl "5400+30"]

1. e4 e5 2. Nf3 Nc6 3. Bb5 d6 4. h3 Bd7 5. Nc3 Nf6 6. d3 Be7 7. O-O O-O 8. Bg5 h6 9. Be3 a6 10. Bxc6 bxc6 11. Re1 Be6 12. d4 Nd7 13. dxe5 Nxe5 14. Nxe5 dxe5 15. Qf3 Rb8 16. Red1 Qe8 17. Rab1 f5 18. exf5 Bxf5 19. Qe2 Bd6 20. Rd2 Rf6 21. g4 Qg6 22. Kf1 Be4 23. Ba7 Rb4 24. a3 Bf3 25. Qxa6 Rbf4 26. Be3 Bxg4 27. hxg4 Rxg4 28. Ke2 Qh5 29. Kd3 e4+ 30. Kc4 Qf7+ 31. Kd4 c5# 0-1

[Event "Turkish Women-ch Arzum 2022"]
[Site "Ayvalik"]
[Date "2022.03.11"]
[Round "9.29"]
[White "Topal, Berfin"]
[Black "Kalyoncu, Beren"]
[Result "1/2-1/2"]
[ECO "D04"]
[WhiteElo "1322"]
[BlackElo "1228"]
[Annotator "NA"]
[PlyCount "134"]
[EventDate "2022.03.04"]
[EventType "swiss"]
[EventCountry "TUR"]
[SourceTitle "playchess.com"]
[Source "ChessBase"]
[SourceQuality "1"]
[TimeControl "5400+30"]

1. d4 Nf6 2. Nf3 g6 3. e3 d5 4. Bd3 Bg7 5. Nbd2 O-O 6. b3 Nbd7 7. Bb2 b6 8. O-O Bb7 9. Re1 Ne4 10. c4 e6 11. Rc1 f5 12. Qc2 c6 13. cxd5 exd5 14. Ne5 Rc8 15. f3 Ng5 16. Nxd7 Qxd7 17. f4 Ne4 18. Bxe4 fxe4 19. Nf1 Bf6 20. g3 Be7 21. Qc3 Qg4 22. Qd2 h5 23. Qe2 Qf5 24. h4 Rc7 25. Nh2 Qc8 26. Rc2 Ba6 27. Qd2 Bd3 28. Rcc1 Rf7 29. Kg2 Qd7 30. Kg1 Qh3 31. Qg2 Qxg2+ 32. Kxg2 Rf8 33. a3 Rb8 34. Nf1 Bxf1+ 35. Kxf1 Rbc8 36. Rc2 Kf7 37. Rec1 Ke6 38. Ke2 Kf5 39. Kf2 Kg4 40. Kg2 Bd6 41. Kf2 a5 42. a4 Be7 43. Kg2 Bb4 44. Bc3 Bxc3 45. Rxc3 c5 46. R3c2 Rc6 47. Rc3 R8c7 48. R3c2 c4 49. bxc4 Rxc4 50. Rxc4 Rxc4 51. Rxc4 dxc4 52. Kf2 Kf5 53. Ke2 Ke6 54. Kd2 Kd6 55. Kc3 Kd5 56. Kc2 Ke6 57. Kc3 Kd5 58. Kc2 Kd6 59. Kc3 Kd5 60. Kc2 Kc6 61. Kc3 b5 62. d5+ Kxd5 63. axb5 Kc5 64. b6 Kxb6 65. Kxc4 a4 66. Kb4 a3 67. Kxa3 Ka5 1/2-1/2

[Event "Turkish Women-ch Arzum 2022"]
[Site "Ayvalik"]
[Date "2022.03.11"]
[Round "9.33"]
[White "Ozturk, Busra"]
[Black "Aksoy, Duru"]
[Result "0-1"]
[ECO "B34"]
[WhiteElo "1100"]
[BlackElo "1223"]
[Annotator "NA"]
[PlyCount "78"]
[EventDate "2022.03.04"]
[EventType "swiss"]
[EventCountry "TUR"]
[SourceTitle "playchess.com"]
[Source "ChessBase"]
[SourceQuality "1"]
[TimeControl "5400+30"]

1. e4 c5 2. Nf3 g6 3. d4 cxd4 4. Nxd4 Nf6 5. Nc3 Nc6 6. Bg5 Bg7 7. e5 Nxe5 8. f4 Nc6 9. Qd3 O-O 10. O-O-O Nxd4 11. Qxd4 Ng4 12. Qd2 d6 13. h3 Nf6 14. g4 Bd7 15. Bd3 Qb6 16. Qg2 Bc6 17. Be4 Nxe4 18. Nxe4 Bxb2+ 19. Kd2 Qd4+ 20. Ke2 Bb5+ 21. Kf3 Qa4 22. c3 Bc6 23. Rd4 Qb5 24. Rb1 Bxe4+ 25. Rxe4 Qd3+ 26. Re3 Qxb1 27. f5 Rac8 28. Qd2 Bc1 29. Qd4 Bxe3 30. Bxe3 Qc2 31. Kg3 Qxc3 32. Qf4 Qe5 33. Kh4 Qxf4 34. Bxf4 gxf5 35. g5 Rc4 36. Kg3 Rxf4 37. Kxf4 e5+ 38. Kxf5 Re8 39. h4 e4 0-1